 Dungeon Crawl Stone Soup version 0.25-a0-24-g72dcfe0359 (webtiles) character file.

Game seed: 18076832328506294275, levelgen mode: deterministic

5086 Arixos the Thaumaturge (level 10, -10/74 HPs)
             Began as a Gnoll Wizard on Oct 17, 2019.
             Was a Follower of Ashenzari.
             Mangled by a polar bear (16 damage)
             ... on level 8 of the Dungeon.
             The game lasted 00:48:51 (9615 turns).

Arixos the Thaumaturge (Gnoll Wizard)               Turns: 9615, Time: 00:48:52

Health: -10/74     AC: 15    Str: 12    XL:     10   Next: 57%
Magic:  16/23      EV: 16    Int: 24    God:    Ashenzari [*.....]
Gold:   496        SH:  5    Dex: 14    Spells: 16/27 levels left

rFire    + . .     SeeInvis .   u - +2 mace (protect)
rCold    . . .     Gourm    .   l - +0 buckler (curse)
rNeg     . . .     Faith    .   E - +2 robe {rF+} (curse)
rPois    .         Spirit   .   b - +0 hat
rElec    .         Reflect  .   t - +2 cloak (curse)
rCorr    .         Harm     .   w - +0 pair of gloves
MR       .....                  (no boots)
Stlth    +++.......             (no amulet)
HPRegen  0.22/turn              m - +3 ring of strength
MPRegen  0.18/turn              (no ring)

@: protection aura
A: distributed training, fangs 1, strong nose
a: Curse Item, Scrying, Renounce Religion


You were on level 8 of the Dungeon.
You worshipped Ashenzari.
Ashenzari was aware of your devotion.
You were near starving.

You visited 2 branches of the dungeon, and saw 10 of its levels.
You also visited: Ossuary.

You collected 588 gold pieces.
You spent 92 gold pieces at shops.

Inventory:

Hand Weapons
 u - a +2 mace of protection (weapon)
Missiles
 e - 5 curare-tipped darts (quivered)
 L - 13 poisoned darts
Armour
 b - a +0 hat (worn)
 l - a cursed +0 buckler (worn)
 t - a cursed +2 cloak (worn)
 w - a +0 pair of gloves (worn)
 E - a cursed +2 robe of fire resistance (worn)
Jewellery
 m - a +3 ring of strength (left hand)
 z - an uncursed ring of flight
Wands
 I - a wand of random effects (14)
 J - a wand of acid (8)
Scrolls
 c - 6 scrolls of remove curse
 g - 3 scrolls of amnesia {unknown}
 k - 3 scrolls of fear {unknown}
 n - 2 scrolls of fog {unknown}
 p - 4 scrolls of teleportation {unknown}
 r - a scroll of blinking {unknown}
 s - 4 scrolls of enchant armour {unknown}
 v - 4 scrolls of enchant weapon {unknown}
 y - 6 scrolls of identify {unknown}
 A - 2 scrolls of magic mapping {unknown}
 B - a scroll of noise {unknown}
 F - a scroll of holy word {unknown}
 K - a scroll of random uselessness {unknown}
Potions
 f - a potion of haste {unknown}
 h - 3 potions of agility {unknown}
 i - a potion of magic {unknown}
 j - 5 potions of heal wounds
 o - a potion of cancellation {unknown}
 q - a potion of ambrosia {unknown}
 x - a potion of invisibility
 C - a potion of might {unknown}
 D - 3 potions of flight {unknown}
 G - a potion of berserk rage {unknown}
 H - 3 potions of curing {unknown}
Comestibles
 d - 12 rations


   Skills:
 + Level 5.3 Fighting
 + Level 5.3 Short Blades
 + Level 5.3 Long Blades
 + Level 5.3 Axes
 + Level 5.3 Maces & Flails
 + Level 5.3 Polearms
 + Level 5.3 Staves
 + Level 5.3 Slings
 + Level 5.3 Bows
 + Level 5.3 Crossbows
 + Level 5.3 Throwing
 + Level 5.3 Armour
 + Level 7.1 Dodging
 + Level 6.8 Stealth
 + Level 5.3 Shields
 + Level 5.3 Unarmed Combat
 + Level 9.0 Spellcasting
 + Level 4.9 Conjurations
 + Level 4.3 Hexes
 + Level 4.3 Charms
 + Level 4.9 Summonings
 + Level 4.3 Necromancy
 + Level 4.9 Translocations
 + Level 4.3 Transmutations
 + Level 4.3 Fire Magic
 + Level 4.3 Ice Magic
 + Level 4.3 Air Magic
 + Level 4.3 Earth Magic
 + Level 4.3 Poison Magic
 + Level 5.8 Invocations
 + Level 5.3 Evocations


You had 16 spell levels left.
You knew the following spells:

 Your Spells              Type           Power        Failure   Level  Hunger
a - Magic Dart            Conj           ####         1%          1    None
c - Mephitic Cloud        Conj/Pois/Air  ####....     2%          3    None
e - Blink                 Tloc           N/A          1%          2    None
f - Conjure Flame         Conj/Fire      ####....     2%          3    None
q - Call Imp              Summ           ####....     1%          2    None

Your spell library contained the following spells:

 Spells                   Type           Power        Failure   Level  Hunger
 Beastly Appendage        Tmut           ####..       1%          1    None
 Slow                     Hex            ####....     1%          2    None
 Sticks to Snakes         Tmut           ####....     1%          2    None
 Spider Form              Tmut/Pois      ####......   3%          3    None
 Ice Form                 Ice/Tmut       ####....     10%         4    ##.....
 Blade Hands              Tmut           ####......   26%         5    ####...


Dungeon Overview and Level Annotations

Branches:
Dungeon (9/15)             Temple (1/1) D:6         Ossuary (visited)
   Lair: D:8-11         Orc: D:9-12

Altars:
Ashenzari
Cheibriados
Dithmenos
Elyvilon
Fedhas
Gozag
Hepliaklqana
Kikubaaqudgha
Makhleb
Okawaru
Qazlal
Ru
Sif Muna
Trog
Vehumet
Wu Jian
Xom
Yredelemnul
Zin
The Shining One

Shops:
D:9 [(

Annotations:
D:4 3 runed translucent doors, Kohma's ghost, amateur DrTm
D:9 3 runed translucent doors, runewalsh's ghost, novice OpWz


Innate Abilities, Weirdness & Mutations

Your experience applies equally to all skills.
You have very sharp teeth.
Your uncanny sense of smell can sniff out nearby items.


Message History

You block the polar bear's attack.
The polar bear claws you but does no damage.
The polar bear claws you.
The polar bear bites you but does no damage.
The polar bear completely misses you.
The polar bear claws you but does no damage.
You sock the polar bear!
The polar bear is almost dead.
The polar bear completely misses you. The polar bear claws you. x2
* * * LOW HITPOINT WARNING * * *
Your crimson imp barely misses the polar bear.
You barely miss the polar bear.
You bite the polar bear, but do no damage.
The polar bear is almost dead.
The polar bear bites you!
* * * LOW HITPOINT WARNING * * *
The polar bear barely misses you. You block the polar bear's attack.
Your crimson imp hits the polar bear but does no damage.
The polar bear bites you!
You die...

#......#<.....ยง...##
#......#..........#.
#......#..........#.
#......#............
#......#..>.......#.
#########..........#.
#.......)...######.##
#...5.......#..(...##
#...@h......#........
#...........#.....#..
#...........#.....#..
#......(....#.##..#..
################..###
#.......#...........
#.......#...........
#.......#...........
#.....####.####..###


You could see a polar bear (berserk) and a friendly crimson imp.

Vanquished Creatures
  A two-headed ogre (D:9)
  The ghost of thelollipopguild the Chopper, a novice HOFi of Beogh (D:6)
  3 polar bears (D:9)
  A wyvern (D:8)
  A water moccasin (D:6)
  2 orc warriors
  4 ice beasts
  A phantom (D:9)
  2 ogres
  A centaur (D:6)
  A wolf (D:9)
  A big kobold (D:7)
  An elf zombie (D:7)
  3 bullfrogs
  2 scorpions
  A troll skeleton (D:7)
  3 wights (D:7)
  2 howler monkeys
  2 crimson imps
  A wyvern simulacrum (D:9)
  2 hounds
  2 centaur skeletons
  5 human zombies (D:7)
  A jelly (D:6)
  Crazy Yiuf (D:3)
  2 orc priests
  A bullfrog skeleton (D:6)
  4 iguanas
  4 orc wizards
  4 worker ants
  2 killer bee zombies
  5 mummies
  A killer bee simulacrum (D:9)
  9 adders
  A howler monkey skeleton (D:4)
  3 shadow imps
  An adder skeleton (D:4)
  7 worms
  2 adder simulacra (D:9)
  2 dart slugs
  5 leopard geckos
  13 orcs
  7 bats
  6 giant cockroaches
  8 goblins
  7 hobgoblins
  6 jackals (D:2)
  3 quokkas
  A ball python (D:3)
  6 frilled lizards
  2 goblin zombies (D:5)
  3 hobgoblin zombies
  3 kobolds
  2 kobold skeletons (D:5)
  2 kobold zombies (Ossuary)
  2 leopard gecko zombies
  2 orc zombies (Ossuary)
  2 quokka zombies
  8 rats
181 creatures vanquished.

Vanquished Creatures (collateral kills)
  A yak (D:9)
  2 phantoms
  4 ogres
  A scorpion (D:7)
  A hound (D:7)
  An orc priest (D:8)
  An orc wizard (D:8)
  A worker ant (D:7)
  A big kobold zombie (Ossuary)
  5 mummies (Ossuary)
  4 adders
  A white imp (D:9)
  An ufetubus (D:9)
  5 orcs
  2 giant cockroaches
  A quokka (D:8)
  A goblin skeleton (D:5)
  2 hobgoblin zombies
  5 kobolds (D:7)
  A kobold skeleton (D:5)
  An orc skeleton (D:5)
  An orc zombie (Ossuary)
43 creatures vanquished.

Vanquished Creatures (others)
  2 plants (D:9)
2 creatures vanquished.

Grand Total: 226 creatures vanquished

Notes
Turn   | Place    | Note
-------+----------+-------------------------------------------
     0 | D:1      | Arixos the Gnoll Wizard began the quest for the Orb.
     0 | D:1      | Reached XP level 1. HP: 13/13 MP: 8/8
    74 | D:1      | Reached XP level 2. HP: 19/19 MP: 5/10
    79 | D:1      | Learned a level 2 spell: Blink
    82 | D:1      | Learned a level 2 spell: Call Imp
   563 | D:2      | Reached XP level 3. HP: 25/25 MP: 4/11
   854 | D:2      | Found a shimmering altar of Xom.
   854 | D:2      | Found a shadowy altar of Dithmenos.
   854 | D:2      | Found a burning altar of Makhleb.
   901 | D:2      | You fall into a shaft and drop 1 floor!
   920 | D:3      | Reached skill level 1 in Invocations
   959 | D:3      | Reached skill level 1 in Fighting
   959 | D:3      | Reached skill level 1 in Short Blades
   959 | D:3      | Reached skill level 1 in Long Blades
   959 | D:3      | Reached skill level 1 in Axes
   959 | D:3      | Reached skill level 1 in Maces & Flails
   959 | D:3      | Reached skill level 1 in Polearms
   959 | D:3      | Reached skill level 1 in Staves
   959 | D:3      | Reached skill level 1 in Slings
   959 | D:3      | Reached skill level 1 in Bows
   959 | D:3      | Reached skill level 1 in Crossbows
   959 | D:3      | Reached skill level 1 in Throwing
   959 | D:3      | Reached skill level 1 in Armour
   959 | D:3      | Reached skill level 1 in Shields
   959 | D:3      | Reached skill level 1 in Unarmed Combat
   959 | D:3      | Reached skill level 1 in Evocations
   959 | D:3      | Reached XP level 4. HP: 28/32 MP: 5/13
  1104 | D:3      | Learned a level 3 spell: Conjure Flame
  1108 | D:3      | Learned a level 3 spell: Mephitic Cloud
  1971 | D:2      | Reached skill level 1 in Hexes
  1971 | D:2      | Reached skill level 1 in Charms
  1971 | D:2      | Reached skill level 1 in Necromancy
  1971 | D:2      | Reached skill level 1 in Transmutations
  1971 | D:2      | Reached skill level 1 in Fire Magic
  1971 | D:2      | Reached skill level 1 in Ice Magic
  1971 | D:2      | Reached skill level 1 in Air Magic
  1971 | D:2      | Reached skill level 1 in Earth Magic
  1971 | D:2      | Reached skill level 1 in Poison Magic
  2796 | D:3      | Found a runed translucent door.
  2797 | D:3      | Noticed Crazy Yiuf
  2809 | D:3      | Killed Crazy Yiuf
  2809 | D:3      | Reached XP level 5. HP: 24/37 MP: 1/14
  3210 | D:4      | Noticed a phantom
  3220 | D:4      | Reached XP level 6. HP: 37/44 MP: 5/16
  3230 | D:4      | Killed a phantom
  3325 | D:4      | Reached skill level 5 in Dodging
  3413 | D:4      | Found a runed translucent gate.
  3413 | D:4      | Found a runed translucent gate.
  3414 | D:4      | Found a runed translucent gate.
  3423 | D:4      | Noticed Kohma's ghost (amateur DrTm)
  3993 | D:5      | Entered Level 5 of the Dungeon
  4046 | D:5      | Reached XP level 7. HP: 35/50 MP: 2/18
  4249 | D:5      | Found a glowing golden altar of the Shining One.
  4336 | D:5      | Found a sand-covered staircase.
  4343 | Ossuary  | Entered an ossuary
  4967 | D:5      | Reached skill level 5 in Stealth
  5229 | D:6      | Reached XP level 8. HP: 47/57 MP: 14/19
  5490 | D:6      | Found a runed translucent door.
  5492 | D:6      | Noticed thelollipopguild's ghost (novice HOFi)
  5567 | D:6      | Found a snail-covered altar of Cheibriados.
  5615 | D:6      | Found a runed translucent door.
  5857 | D:6      | Found a staircase to the Ecumenical Temple.
  5872 | Temple   | Entered the Ecumenical Temple
  5937 | Temple   | Became a worshipper of Ashenzari the Shackled
  6177 | D:6      | Found a staircase to the Ecumenical Temple.
  6211 | D:6      | Killed thelollipopguild's ghost
  6211 | D:6      | Reached skill level 8 in Spellcasting
  6211 | D:6      | Reached XP level 9. HP: 20/65 MP: 6/21
  6514 | D:7      | Found a white marble altar of Elyvilon.
  6523 | D:7      | Found a sacrificial altar of Ru.
  6523 | D:7      | Found an opulent altar of Gozag.
  6951 | D:7      | Found an ancient bone altar of Kikubaaqudgha.
  8052 | D:8      | Found an iron altar of Okawaru.
  8290 | D:8      | Reached skill level 5 in Invocations
  8442 | D:8      | Reached * piety under Ashenzari
  8594 | D:9      | Noticed a polar bear
  8617 | D:9      | Killed a polar bear
  8617 | D:9      | Reached XP level 10. HP: 73/73 MP: 7/22
  8737 | D:9      | Noticed a two-headed ogre
  8776 | D:9      | Killed a two-headed ogre
  8776 | D:9      | Reached skill level 5 in Fighting
  8776 | D:9      | Reached skill level 5 in Short Blades
  8776 | D:9      | Reached skill level 5 in Long Blades
  8776 | D:9      | Reached skill level 5 in Axes
  8776 | D:9      | Reached skill level 5 in Maces & Flails
  8776 | D:9      | Reached skill level 5 in Polearms
  8776 | D:9      | Reached skill level 5 in Staves
  8776 | D:9      | Reached skill level 5 in Slings
  8776 | D:9      | Reached skill level 5 in Bows
  8776 | D:9      | Reached skill level 5 in Crossbows
  8776 | D:9      | Reached skill level 5 in Throwing
  8776 | D:9      | Reached skill level 5 in Armour
  8776 | D:9      | Reached skill level 5 in Shields
  8776 | D:9      | Reached skill level 5 in Unarmed Combat
  8776 | D:9      | Reached skill level 5 in Evocations
  9012 | D:9      | Found a runed translucent gate.
  9012 | D:9      | Found a runed translucent gate.
  9012 | D:9      | Found a runed translucent gate.
  9015 | D:9      | Found Vuas's Antique Armour Shop.
  9018 | D:9      | Bought an embroidered robe for 92 gold pieces
  9174 | D:9      | Found Ximunout's Antique Weapon Emporium.
  9243 | D:9      | Reached skill level 9 in Spellcasting
  9373 | D:9      | Noticed a nine-headed hydra
  9373 | D:9      | Noticed runewalsh's ghost (novice OpWz)
  9615 | D:8      | Mangled by a polar bear

Levels and vault maps discovered:
D:1:      eino_arrival_druids_welcome, layout_basic
D:2:      layout_basic, gammafunk_temple_overflow_forgotten, first_ration
D:3:      layout_basic, minivault_25, uniq_crazy_yiuf_cottage
D:4:      layout_cave_pods, gammafunk_ghost_necromancy
D:5:      layout_gridville, nicolae_tso_besieged_by_evil, enter_ossuary_4
D:6:      layout_cave_pools, cheibriados_altar_1, minmay_temple_entry_statues,
          ebering_ghost_sewer_f, kennysheep_generic_room_3
D:7:      layout_loops_ring, chequers_temple_overflow_statue_of_worship,
          lemuel_mausoleum_altar_kikubaaqudgha
D:8:      layout_gridville, old_standard_altar
D:9:      layout_roguey, kennysheep_mini, nicolae_overflow_crystal_walls,
          lair_entry_dummy, serial_shops, nicolae_shop_behind_doors,
          nicolae_shop_trees, nicolae_shop_window_shopping,
          nicolae_shop_statue_plus, serial_ice, serial_ice_k, serial_ice_o,
          serial_ice_d, serial_ice_g, serial_ice_a, serial_ice_f, serial_ice_c,
          serial_ice_n, serial_ice_m, serial_ice_h, gammafunk_ghost_hydra_chop,
          hangedman_little_slice_of_home
Temple:   zaba_magenta_temple

Skill      XL: |  1  2  3  4  5  6  7  8  9 10 |
---------------+-------------------------------+-----
Conjurations   | 2 3 4 |  4.9
Summonings     | 2 3 4 |  4.9
Translocations | 2 3 4 |  4.9
Invocations    | 1 2 3 4 5 |  5.8
Fighting       | 1 2 3 4 5 |  5.3
Short Blades   | 1 2 3 4 5 |  5.3
Long Blades    | 1 2 3 4 5 |  5.3
Axes           | 1 2 3 4 5 |  5.3
Maces & Flails | 1 2 3 4 5 |  5.3
Polearms       | 1 2 3 4 5 |  5.3
Staves         | 1 2 3 4 5 |  5.3
Slings         | 1 2 3 4 5 |  5.3
Bows           | 1 2 3 4 5 |  5.3
Crossbows      | 1 2 3 4 5 |  5.3
Throwing       | 1 2 3 4 5 |  5.3
Armour         | 1 2 3 4 5 |  5.3
Shields        | 1 2 3 4 5 |  5.3
Unarmed Combat | 1 2 3 4 5 |  5.3
Evocations     | 1 2 3 4 5 |  5.3
Hexes          | 1 2 3 4 |  4.3
Charms         | 1 2 3 4 |  4.3
Necromancy     | 1 2 3 4 |  4.3
Transmutations | 1 2 3 4 |  4.3
Fire Magic     | 1 2 3 4 |  4.3
Ice Magic      | 1 2 3 4 |  4.3
Air Magic      | 1 2 3 4 |  4.3
Earth Magic    | 1 2 3 4 |  4.3
Poison Magic   | 1 2 3 4 |  4.3
Dodging        | 5 6 7 |  7.1
Stealth        | 5 6 |  6.8
Spellcasting   | 8 9 |  9.0

Action                   |  1- 3 |  4- 6 |  7- 9 | 10-12 || total
-------------------------+-------+-------+-------+-------++-------
Melee: Unarmed           |    32 |    20 |       |       ||    52
       Bite              |     4 |     4 |    51 |     7 ||    66
       Quarterstaff      |       |    40 |   173 |       ||   213
       Mace              |       |       |   281 |    68 ||   349
 Cast: Magic Dart        |    58 |   137 |    27 |    35 ||   257
       Conjure Flame     |       |     6 |    11 |    14 ||    31
       Mephitic Cloud    |       |     3 |    16 |     3 ||    22
       Call Imp          |       |     8 |    74 |    27 ||   109
       Blink             |       |       |     2 |       ||     2
Invok: Curse Item        |       |       |     1 |     2 ||     3
  Use: Scroll            |       |       |       |     1 ||     1
 Stab: Sleeping          |       |     1 |    12 |       ||    13
       Distracted        |       |       |     3 |     3 ||     6
       Confused          |       |       |     3 |       ||     3
  Eat: Chunk             |       |     6 |     9 |     1 ||    16
       Ration            |       |     1 |     2 |       ||     3
Armor: Robe              |     4 |    11 |    96 |    40 ||   151
Dodge: Dodged            |    25 |    66 |   268 |    58 ||   417
Block: Buckler           |       |       |    51 |    14 ||    65

Table legend:
 A = Non-vault XP
 B = Vault XP
 C = Vault XP percentage of total XP
 D = Non-vault monster count
 E = Vault monster count
 F = Vault count percentage of total count
                 A         B        C        D         E       F
            +---------+---------+-------+---------+---------+-------
      Total |    4168 |    3099 |  42.6 |     162 |      62 |  27.7
            +---------+---------+-------+---------+---------+-------
        D:1 |      27 |       0 |   0.0 |      16 |       0 |   0.0
        D:2 |      65 |       0 |   0.0 |      27 |       0 |   0.0
        D:3 |      62 |      41 |  39.8 |      18 |       1 |   5.3
        D:4 |     372 |       0 |   0.0 |      12 |       0 |   0.0
        D:5 |     335 |      22 |   6.2 |      18 |      12 |  40.0
        D:6 |     453 |     836 |  64.9 |      14 |       7 |  33.3
        D:7 |     674 |     557 |  45.2 |      24 |      12 |  33.3
        D:8 |     675 |     117 |  14.8 |      19 |       1 |   5.0
        D:9 |    1505 |    1373 |  47.7 |      14 |      13 |  48.1
    Ossuary |       0 |     153 | 100.0 |       0 |      16 | 100.0
            +---------+---------+-------+---------+---------+-------
